 Dungeon Crawl Stone Soup version 0.29.1-15-g9cfb28693d (webtiles) character file.

Game seed: 5549323243361239291

1374 Calibrex the Cleaver (level 8, 0/71 HPs)
             Began as a Minotaur Fighter on Mar 25, 2023.
             Slain by Pikel
             ... wielding a +2 whip of flaming
              (9 damage)
             ... on level 6 of the Dungeon.
             The game lasted 00:12:51 (4405 turns).

Calibrex the Cleaver (Minotaur Fighter)             Turns: 4405, Time: 00:12:52

Health: 0/71       AC: 12    Str: 28    XL:     8   Next: 39%
Magic:  7/7        EV:  7    Int:  4    God:
Gold:   246        SH:  5    Dex:  8    Spells: 7/7 levels left

rFire   . . .      SeeInvis +   a - +0 war axe (spect)
rCold   + . .      Faith    .   c - +0 buckler
rNeg    . . .      Spirit   .   n - +0 plate armour
rPois   .          Reflect  .   (helmet restricted)
rElec   .          Harm     .   (no cloak)
rCorr   .          Rampage  .   (no gloves)
Will    .....                   (no boots)
Stlth   ..........              (no amulet)
HPRegen 0.21/turn               j - ring of protection from cold
MPRegen 0.10/turn               q - ring of see invisible

@: about to teleport
A: horns 2, retaliatory headbutt, hooves 1, strong 1
a: no special abilities


You were on level 6 of the Dungeon.
You visited 1 branch of the dungeon, and saw 6 of its levels.

You collected 246 gold pieces.

Inventory:

Hand Weapons
 a - a +0 spectral war axe (weapon)
Missiles
 e - 11 poisoned darts (quivered)
 o - 6 silver boomerangs
 p - 5 boomerangs
Armour
 c - a +0 buckler (worn)
 h - a +0 pair of boots
 n - a +0 plate armour (worn)
Jewellery
 j - a ring of protection from cold (left hand)
 q - a ring of see invisible (right hand)
Scrolls
 i - a scroll of magic mapping
 l - 2 scrolls of fear
Potions
 b - a potion of lignification {unknown}
 f - a potion of attraction {unknown}
 r - a potion of brilliance {unknown}
 t - 2 potions of berserk rage {unknown}


   Skills:
 + Level 6.5 Fighting
 * Level 8.2 Axes
 + Level 6.5 Armour
 + Level 6.6 Shields


You had 7 spell levels left.
You didn't know any spells.
Your spell library contained the following spells:

 Spells                   Type           Power      Damage    Failure   Level
 Call Canine Familiar     Summ           0%         N/A       100%        3
 Portal Projectile        Hex/Tloc       0%         N/A       100%        3
 Leda's Liquefaction      Hex/Erth       0%         N/A       100%        4


Dungeon Overview and Level Annotations

Branches:
Dungeon (6/15)
 Temple: D:4-7

Altars:
Makhleb

Shops:
D:1 *

Annotations:
D:6 1 runed translucent door, Pikel


Innate Abilities, Weirdness & Mutations

You have a pair of horns on your head.
You reflexively headbutt those who attack you in melee.
You have large cloven feet.
Your muscles are strong. (Str +4, Int/Dex -1)


Message History

The lemure barely misses you. The lemure hits you but does no damage.
Pikel drinks a potion.
Pikel is healed!
The lemure hits you.
You barely miss Pikel. Your headbutt misses Pikel.
Pikel is moderately wounded.
You barely miss the lemure. You slash the lemure!
You kill the lemure!
That felt strangely unrewarding.
You miss the lemure.
Your +0 spectral war axe fades away.
The lemure barely misses you. Pikel hits you but does no damage.
The lemure hits you. x2; Pikel completely misses you.
The lemure hits you!
You hit Pikel. Your kick misses Pikel. Your headbutt misses Pikel.
Pikel is heavily wounded.
You completely miss the lemure. You hit the lemure but do no damage.
Pikel hits you with a +2 whip of flaming.
Pikel burns you.
* * * LOW HITPOINT WARNING * * *
The lemure hits you but does no damage. x2
You barely miss Pikel. Your kick misses Pikel.
Pikel is moderately wounded.
You hit the lemure but do no damage. You hit the lemure.
Your +0 spectral war axe hits the lemure!
You block the lemure's attack.
Pikel hits you with a +2 whip of flaming!
* * * LOW HITPOINT WARNING * * *
Pikel burns you.
* * * LOW HITPOINT WARNING * * *
The lemure completely misses you.
Throw: throwing net
Press: ? - help, Q - select action, (/) - cycle Shift-Dir - straight line, f - Pikel
Aim: Pikel, wielding a +2 whip of flaming, wearing a +0 robe and carrying a wand of iceblast (7) (moderately wounded, 50% to hit)
You throw a throwing net. The throwing net closely misses Pikel.
Pikel hits you with a +2 whip of flaming.
* * * LOW HITPOINT WARNING * * *
Pikel burns you.
* * * LOW HITPOINT WARNING * * *
The lemure hits you but does no damage. You block the lemure's attack.
As you read the scroll of teleportation, it crumbles to dust.
You feel strangely unstable. You block the lemure's attack.
Pikel hits you with a +2 whip of flaming!
You die...

............#......
+######..........#......
..........=......#......
.................#......
..............)..#.....#
.......................#
........................
....##5######.##...# ..
.. #@5..# ..# ...##..
#K§.......# ..##..
#.§.5.....# #.........
#......... ########.. #.


You could see Pikel and 3 lemures.

Vanquished Creatures
  The ghost of DemonSlayer the Digger, a novice DsEE of Cheibriados (D:5)
  Menkaure (D:6)
  An ice beast (D:5)
  A lemure (D:6)
  A phantom (D:6)
  A bullfrog (D:6)
  A necrophage (D:5)
  A wyvern zombie (D:5)
  A wyvern skeleton (D:5)
  3 hounds
  A jelly (D:5)
  An orc priest (D:6)
  Jessica (D:2)
  A bullfrog skeleton (D:5)
  2 iguanas
  An orc wizard (D:6)
  7 adders
  8 gnolls
  A worm (D:4)
  2 dart slugs
  10 orcs
  13 ball pythons
  5 endoplasms
  3 giant cockroaches
  12 goblins
  10 hobgoblins
  4 jackals (D:1)
  5 kobolds
  7 quokkas
  3 bats
  3 frilled lizards
  8 rats
120 creatures vanquished.

Vanquished Creatures (collateral kills)
  A hound (D:5)
1 creature vanquished.

Grand Total: 121 creatures vanquished

Notes
Turn   | Place    | Note
-------+----------+-------------------------------------------
     0 | D:1      | Calibrex the Minotaur Fighter began the quest for the Orb.
     0 | D:1      | Reached XP level 1. HP: 19/19 MP: 0/0
   133 | D:1      | Reached XP level 2. HP: 27/27 MP: 1/1
   280 | D:1      | Reached skill level 3 in Axes
   333 | D:1      | Found a faded altar of an unknown god.
   433 | D:1      | Reached XP level 3. HP: 15/33 MP: 2/2
   658 | D:1      | Found Goym's Assorted Antiques.
  1207 | D:2      | Noticed Jessica
  1209 | D:2      | Killed Jessica
  1232 | D:2      | Reached XP level 4. HP: 32/40 MP: 3/3
  1472 | D:2      | Gained mutation: Your muscles are strong. (Str +4, Int/Dex
                  | -1) [potion of mutation]
  1472 | D:2      | Gained mutation: You have large cloven feet. [potion of
                  | mutation]
  1903 | D:3      | Reached skill level 4 in Axes
  2516 | D:4      | Found a burning altar of Makhleb.
  2686 | D:4      | Reached XP level 5. HP: 47/47 MP: 4/4
  2969 | D:5      | Entered Level 5 of the Dungeon
  2969 | D:5      | Noticed an ice beast
  2976 | D:5      | Reached skill level 5 in Axes
  2977 | D:5      | Killed an ice beast
  2978 | D:5      | Reached skill level 5 in Shields
  2978 | D:5      | Reached XP level 6. HP: 55/55 MP: 5/5
  2981 | D:5      | Reached skill level 5 in Fighting
  3001 | D:5      | Reached skill level 5 in Armour
  3210 | D:5      | Found a runed translucent gate.
  3239 | D:5      | Reached skill level 6 in Axes
  3239 | D:5      | Reached XP level 7. HP: 61/61 MP: 6/6
  3531 | D:5      | Found a runed translucent gate.
  3531 | D:5      | Found a runed translucent gate.
  3534 | D:5      | Noticed DemonSlayer's ghost (novice DsEE)
  4012 | D:5      | Killed DemonSlayer's ghost
  4013 | D:5      | Reached skill level 7 in Axes
  4018 | D:5      | Reached XP level 8. HP: 26/70 MP: 7/7
  4352 | D:6      | Reached skill level 8 in Axes
  4382 | D:6      | Noticed Pikel
  4387 | D:6      | Found a runed translucent gate.
  4393 | D:6      | Noticed Menkaure
  4396 | D:6      | Killed Menkaure
  4405 | D:6      | Slain by Pikel

Illustrated notes

Levels and vault maps discovered:
D:1:      onia_arrival_handbag, layout_loops_ring,
          nicolae_ecumenical_snake_handling, serial_shops,
          nicolae_shop_hallway_stairs, hex_large
D:2:      layout_basic, palyth_stone_intersect, uniq_jessica
D:3:      layout_basic, minmay_increasing_density
D:4:      layout_gridville, mainiacjoe_overflow_alcove_1
D:5:      layout_layer_cave, gammafunk_ghost_necromancy
D:6:      layout_gridville, mainiacjoe_overflow_alcove_2, gammafunk_ghost_split,
          minmay_misc_feat_secret_circle, nicolae_shop_i_like_big_books,
          uniq_pikel, uniq_menkaure

Skill      XL: |  1  2  3  4  5  6  7  8 |
---------------+-------------------------+-----
Axes           | 3 4 5 6 7 8 |  8.2
Armour         | 4 5 6 |  6.5
Shields        | 4 5 6 |  6.6
Fighting       | 4 5 6 |  6.5

Action                   |  1- 3 |  4- 6 |  7- 9 || total
-------------------------+-------+-------+-------++-------
Melee: War axe           |    94 |    86 |    37 ||   217
       Headbutt          |    11 |    10 |     4 ||    25
       Kick              |       |    12 |     7 ||    19
Throw: Throwing net      |       |     1 |     1 ||     2
  Use: Scroll            |     2 |     7 |     3 ||    12
       Potion            |       |     2 |     1 ||     3
Armor: Scale mail        |    42 |     6 |       ||    48
       Plate armour      |       |    29 |    26 ||    55
       Chain mail        |       |     7 |       ||     7
Dodge: Dodged            |    53 |    30 |    10 ||    93
Block: Buckler           |    28 |    13 |    11 ||    52
